 Dungeon Sprint DCSS version 0.27-a0-1217-g8a41f320e8 (webtiles) character file.

Game seed: 8112328520387233060

8177 mhtbhm the Severer (level 11, -1/112 HPs)
             Began as a Minotaur Berserker on June 5, 2021.
             Was the Champion of Trog.
             Slain by a ghost moth (13 damage)
             ... called by a spriggan druid
             ... in the Dungeon (Sprint IV: "Fedhas' Mad Dash").
             The game lasted 00:04:19 (3930 turns).

mhtbhm the Severer (Minotaur Berserker)             Turns: 3930, Time: 00:04:19

Health: -1/112     AC:  9    Str: 24      XL:     11   Next: 6%
Magic:  0/10       EV: 12    Int:  4      God:    Trog [******]
Gold:   222        SH:  0    Dex: 10 (11) Spells: 10/10 levels left

rFire    . . .     SeeInvis .   a - +8 battleaxe (flame)
rCold    . . .     Faith    .   (shield currently unavailable)
rNeg     + . .     Spirit   .   b - +0 scale mail {rPois}
rPois    +         Reflect  .   (helmet restricted)
rElec    .         Harm     .   (no cloak)
rCorr    .         Rampage  .   (no gloves)
Will     .....     NoTele   +   (no boots)
Stlth    ++........             j - amulet of invisibility {+Inv}
HPRegen  0.28/turn              n - ring of positive energy
MPRegen  0.12/turn              (no ring)

@: on berserk cooldown, slowed, very slow
A: horns 2, retaliatory headbutt
a: Renounce Religion, Evoke Invisibility, Berserk, Trog's Hand, Brothers in Arms


You were in the Dungeon.
You worshipped Trog.
Trog was exalted by your worship.
You visited 1 branch You collected 222 gold pieces.

Inventory:

Hand Weapons
 a - a +8 battleaxe of flaming (weapon)
Armour
 b - a +0 scale mail of poison resistance (worn)
Jewellery
 j - the amulet of invisibility (around neck) {+Inv}
   (You found it in the Dungeon)

   [amulet of nothing]

   It lets you turn invisible.
 n - a ring of positive energy (left hand)
Scrolls
 d - a scroll of holy word {unknown}
 h - a scroll of blinking
 i - a scroll of identify {unknown}
 k - 2 scrolls of brand weapon {unknown}
 m - a scroll of silence {unknown}
 o - a scroll of amnesia {unknown}
Potions
 c - a potion of flight {unknown}
 e - a potion of haste
 f - 2 potions of magic
 g - a potion of berserk rage
Miscellaneous
 l - a phial of floods


   Skills:
 + Level 15.0 Fighting
 + Level 18.3 Axes
 + Level 13.5 Armour
 + Level 7.6 Dodging
 + Level 8.6 Stealth
 + Level 6.7 Evocations


You had 10 spell levels left.
You didn't know any spells.
Your spell library was empty.

Dungeon Overview and Level Annotations

Branches:
Dungeon (1/1)

Altars:
Cheibriados
Dithmenos
Elyvilon
Gozag
Hepliaklqana
Kikubaaqudgha
Makhleb
Nemelex Xobeh
Okawaru
Qazlal
Ru
Sif Muna
Trog
Uskayaw
Vehumet
Wu Jian
Xom
Yredelemnul
Zin
The Shining One
Beogh
Jiyva
Lugonu

Shops:
D =***:!!


Innate Abilities, Weirdness & Mutations

You have a pair of horns on your head.
You reflexively headbutt those who attack you in melee.


Message History

The spriggan berserker is severely wounded.
The spriggan berserker hits you with a +0 rapier!
* * * LOW HITPOINT WARNING * * *
You slash the spriggan berserker! You burn the spriggan berserker.
The spriggan berserker is almost dead.
The spriggan berserker hits you with a +0 rapier.
* * * LOW HITPOINT WARNING * * *
Unknown command.
You slice the spriggan berserker!! You burn the spriggan berserker.
You kill the spriggan berserker!
Trog accepts your kill.
Your Fighting skill increases to level 15!
You have reached level 11!
You feel you are being watched by something.
You feel your power leaking away.
Found Bumit's General Store.
Things that are here:
a +0 rapier; a +0 animal skin; a spriggan corpse Unknown command.
You feel a strong urge to attack something.
You are no longer berserk.
You are exhausted.
You feel yourself slow down.
There is an open door, spattered with blood here.
Items here: ) [ ††.
Things that are here:
a +1 lajatang of pain; a +0 robe You feel you are being watched by something.
You start resting.
You feel you are being watched by something.
Something hits you.
* * * LOW HITPOINT WARNING * * *
You feel clumsy.
Deactivating autopickup; reactivate with Ctrl-A.
Something hits you.
* * * LOW HITPOINT WARNING * * *
Something stings you.
* * * LOW HITPOINT WARNING * * *
Something hits you!
You die...

#################################
#.⌠._._._._.⌠.#..)...#....##∩##)#
'.._._._._._..'..#...#....'..##'#
#..._._._._...#.[###'##.).##∩#..#
#.._._._._._..#..##∩∩.'...#####..
#._._._._._.⌠.#################..
###################......###)....
#♣♣♣♣♣..♣[###.'.@'.....()'.')).♣.
......♣..♣##:.#.)#.......########
♣..♣♣♣.♣).###)##)##......#
.♣♣..♣...♣'...#♣)♣######## #
#############.....# ..♣..♣....#
...♣.... .♣.. ..... ♣.... ∩. ####
###### ##


There were no monsters in sight!

Vanquished Creatures
  Agnes (D)
  2 spriggan berserkers (D)
  A spriggan druid (D)
  5 oklob plants (D)
  3 burning bushes (D)
  A queen bee (D)
  3 hornets (D)
  2 wandering mushrooms (D)
  4 scorpions (D)
  4 killer bees (D)
  5 oklob saplings (D)
  5 spriggans (D)
  A river rat (D)
  A rat (D)
38 creatures vanquished.

Vanquished Creatures (collateral kills)
  An oklob plant (D)
  A demonic crawler (D)
2 creatures vanquished.

Vanquished Creatures (others)
  A wandering mushroom (D)
  A ballistomycete spore (D)
  3 bushes (D)
  8 fungi (D)
13 creatures vanquished.

Grand Total: 53 creatures vanquished

Notes
Turn   | Place    | Note
-------+----------+-------------------------------------------
     0 | D        | mhtbhm the Minotaur Berserker began the quest for the Orb.
     0 | D        | Reached XP level 1. HP: 19/19 MP: 0/0
    10 | D        | Reached skill level 4 in Axes
    10 | D        | Reached XP level 2. HP: 28/28 MP: 1/1
   103 | D        | Noticed an oklob sapling
   108 | D        | Killed an oklob sapling
   108 | D        | Reached ** piety under Trog
   109 | D        | Reached skill level 5 in Fighting
   109 | D        | Reached skill level 6 in Axes
   109 | D        | Reached XP level 3. HP: 37/37 MP: 2/2
   252 | D        | Noticed a scorpion
   253 | D        | Found the amulet of invisibility {+Inv}
   254 | D        | Killed a scorpion
   255 | D        | Reached skill level 7 in Axes
   255 | D        | Reached XP level 4. HP: 47/47 MP: 3/3
   316 | D        | Reached skill level 8 in Axes
   454 | D        | Found an opulent altar of Gozag.
   454 | D        | Found a hazy altar of Hepliaklqana.
   454 | D        | Found a burning altar of Makhleb.
   454 | D        | Found a sparkling altar of Nemelex Xobeh.
   454 | D        | Found a snail-covered altar of Cheibriados.
   454 | D        | Found a sacrificial altar of Ru.
   454 | D        | Found a shimmering blue altar of Sif Muna.
   454 | D        | Found a shimmering altar of Xom.
   454 | D        | Found a basalt altar of Yredelemnul.
   455 | D        | Found a viscous altar of Jiyva.
   455 | D        | Found a bloodstained altar of Trog.
   455 | D        | Found an ornate altar of the Wu Jian Council.
   456 | D        | Found an iron altar of Okawaru.
   456 | D        | Found a shadowy altar of Dithmenos.
   456 | D        | Found a glowing silver altar of Zin.
   457 | D        | Found an ancient bone altar of Kikubaaqudgha.
   457 | D        | Found a hide-covered altar of Uskayaw.
   458 | D        | Found a stormy altar of Qazlal.
   458 | D        | Found a white marble altar of Elyvilon.
   458 | D        | Found a glowing golden altar of the Shining One.
   459 | D        | Found a corrupted altar of Lugonu.
   459 | D        | Found a radiant altar of Vehumet.
   465 | D        | Reached skill level 1 in Stealth
   465 | D        | Reached skill level 1 in Evocations
   465 | D        | Reached XP level 5. HP: 56/56 MP: 1/4
   567 | D        | Reached *** piety under Trog
   568 | D        | Reached skill level 9 in Axes
   687 | D        | Reached skill level 5 in Armour
   687 | D        | Reached skill level 5 in Dodging
   691 | D        | Reached XP level 6. HP: 64/64 MP: 5/5
   692 | D        | Reached skill level 10 in Axes
   849 | D        | Found Teax's Assorted Antiques.
   849 | D        | Found Borphev's Jewellery Emporium.
   962 | D        | Noticed a burning bush
   962 | D        | Noticed a wandering mushroom
   963 | D        | Noticed a wandering mushroom
   966 | D        | Reached **** piety under Trog
   972 | D        | Killed a wandering mushroom
   973 | D        | Reached skill level 10 in Fighting
   973 | D        | Reached skill level 11 in Axes
   973 | D        | Reached XP level 7. HP: 72/73 MP: 6/6
   985 | D        | Killed a burning bush
   986 | D        | Reached skill level 12 in Axes
  1396 | D        | Found Icsul's Book Emporium.
  1396 | D        | Found Saic's Assorted Antiques.
  1446 | D        | Noticed a queen bee
  1472 | D        | Killed a queen bee
  1472 | D        | Reached ***** piety under Trog
  1473 | D        | Reached XP level 8. HP: 69/82 MP: 7/7
  1487 | D        | Reached skill level 13 in Axes
  1899 | D        | Noticed an oklob plant
  1910 | D        | Killed an oklob plant
  1911 | D        | Reached skill level 5 in Stealth
  2097 | D        | Noticed a burning bush
  2104 | D        | Killed a burning bush
  2105 | D        | Reached skill level 14 in Axes
  2151 | D        | Noticed a burning bush
  2151 | D        | Noticed an oklob plant
  2152 | D        | Noticed a wandering mushroom
  2162 | D        | Killed a burning bush
  2162 | D        | Received a gift from Trog
  2163 | D        | Reached XP level 9. HP: 67/91 MP: 5/8
  2174 | D        | Killed an oklob plant
  2175 | D        | Reached skill level 15 in Axes
  2175 | D        | Reached skill level 10 in Armour
  2556 | D        | Noticed a spriggan druid
  2563 | D        | Killed a spriggan druid
  2564 | D        | Reached skill level 5 in Evocations
  2977 | D        | Noticed an oklob plant conjurer
  2978 | D        | Killed an oklob plant conjurer
  2978 | D        | Received a gift from Trog
  2996 | D        | Noticed an oklob plant
  2996 | D        | Noticed an oklob plant summoner
  2997 | D        | Noticed an oklob plant shifter
  3003 | D        | Killed an oklob plant
  3004 | D        | Reached skill level 16 in Axes
  3007 | D        | Killed an oklob plant summoner
  3008 | D        | Reached XP level 10. HP: 101/101 MP: 7/9
  3020 | D        | Killed an oklob plant shifter
  3248 | D        | Noticed a spriggan rider
  3249 | D        | Found Kuydghai's Distillery.
  3263 | D        | Found Kukoleyt's Distillery.
  3509 | D        | Noticed Agnes
  3524 | D        | Killed Agnes
  3525 | D        | Reached skill level 17 in Axes
  3907 | D        | Noticed a spriggan berserker
  3911 | D        | Killed a spriggan berserker
  3911 | D        | Noticed a spriggan berserker
  3912 | D        | Reached skill level 18 in Axes
  3924 | D        | Killed a spriggan berserker
  3924 | D        | Reached ****** piety under Trog
  3925 | D        | Reached skill level 15 in Fighting
  3925 | D        | Reached XP level 11. HP: 31/112 MP: 10/10
  3925 | D        | Found Bumit's General Store.
  3930 | D        | Slain by a ghost moth

Illustrated notes

Levels and vault maps discovered:
D:        dungeon_sprint_fedhas [sprint_temple]

Skill      XL: |  1  2  3  4  5  6  7  8  9 10 |
---------------+-------------------------------+-----
Fighting       | 4 5 7 8 9 10 11 12 13 15 | 15.0
Axes           | 4 6 7 8 9 11 12 14 16 18 | 18.3
Armour         | 3 4 5 7 9 12 13 | 13.5
Dodging        | 3 4 5 6 7 |  7.6
Stealth        | 1 2 3 4 5 6 8 |  8.6
Evocations     | 1 2 3 4 5 6 |  6.7

Action                   |  1- 3 |  4- 6 |  7- 9 | 10-12 || total
-------------------------+-------+-------+-------+-------++-------
Melee: Hand axe          |     9 |    20 |    80 |       ||   109
       Headbutt          |     4 |     9 |    19 |     1 ||    33
       Battleaxe         |       |       |    14 |    30 ||    44
Invok: Berserk           |     3 |     4 |     5 |     3 ||    15
       Brothers in Arms  |       |       |       |     2 ||     2
 Abil: Evoke Invisibilit |       |     2 |     2 |       ||     4
  Use: Potion            |       |       |     1 |     1 ||     2
 Stab: Invisible         |       |     1 |     3 |     1 ||     5
       Sleeping          |       |     1 |     2 |       ||     3
Armor: Plate armour      |       |     4 |    19 |       ||    23
       Scale mail        |       |       |       |     5 ||     5
Dodge: Dodged            |     2 |     2 |    21 |    15 ||    40

Table legend: (Time is in decaauts)
 A = Elapsed time spent in this place.
 B = Non-inter-level travel time spent in this place.
 C = Inter-level travel time spent in this place.
 D = Time resting spent in this place.
 E = Time spent auto-exploring this place.
 F = Levels seen in this place.
 G = Mean time per level.
                   A        B        C        D        E       F      G
               +--------+--------+--------+--------+--------+-----+--------+
         Total |   4017 |   4017 |      0 |   3473 |     31 |   1 | 4017.0 |
       Dungeon |   4017 |   4017 |      0 |   3473 |     31 |   1 | 4017.0 |
               +--------+--------+--------+--------+--------+-----+--------+

Top non-repeatable levels by time:
       D: 4017 daAuts
